[Event "ICC tourney 2552 (3 2)"]
[Site "Internet Chess Club"]
[Date "2021.05.07"]
[Round "2"]
[White "LOVELADY, CARTER:K06-16846308"]
[Black "AGNIHOTRI, AADI:K05-16443397"]
[Result "1-0"]
[ICCResult "Black checkmated"]
[WhiteElo "1243"]
[BlackElo "1400"]
[Opening "Caro-Kann: advance variation"]
[ECO "B12"]
[NIC "CK.04"]
[Time "18:29:25"]
[PlyCount "105"]
[TimeControl "180+2"]

1. e4 c6 2. d4 d5 3. e5 Bf5 4. Bd3 Bxd3 5. Qxd3 e6 6. f4 f6 7. Nc3 c5 8.
dxc5 Bxc5 9. Qb5+ Nd7 10. Na4 a6 11. Qxb7 Qa5+ 12. Nc3 Rb8 13. Qc6 Qb6 14.
Qxb6 Nxb6 15. exf6 Nxf6 16. Ke2 Ng4 17. Nf3 d4 18. Ne4 Be7 19. h3 d3+ 20.
cxd3 Nf6 21. Nxf6+ Bxf6 22. d4 Rd8 23. Be3 Nc4 24. b3 Nxe3 25. Kxe3 Be7 26.
g4 h5 27. Ne5 hxg4 28. hxg4 Rf8 29. Ng6 Rf6 30. Nxe7 Kxe7 31. Rh7 Kf7 32.
Rah1 Rd5 33. R1h5 Rxh5 34. Rxh5 Rh6 35. Rxh6 gxh6 36. Ke4 Kf6 37. g5+ hxg5
38. fxg5+ Kxg5 39. Ke5 Kg4 40. Kxe6 Kf4 41. d5 Ke4 42. d6 Kd3 43. d7 Kc2
44. d8=Q Kb2 45. Qa5 Kc2 46. Qxa6 Kb2 47. Qd3 Ka3 48. b4+ Ka4 49. Qa6+ Kxb4
50. Qc6 Ka3 51. Qb6 Ka4 52. Kd5 Ka3 53. Qb3# { Black checkmated } 1-0

[Event "ICC tourney 2552 (3 2)"]
[Site "Internet Chess Club"]
[Date "2021.05.07"]
[Round "2"]
[White "LIU, DAVID:K05-15646077"]
[Black "QIAO, MASON:K05-17196377"]
[Result "1-0"]
[ICCResult "Black forfeits on time"]
[WhiteElo "1400"]
[BlackElo "1155"]
[Opening "Queen's pawn: Charlick (Englund) gambit"]
[ECO "A40"]
[NIC "QO.17"]
[Time "18:29:30"]
[PlyCount "81"]
[TimeControl "180+2"]

1. d4 e5 2. dxe5 Nc6 3. Nf3 Qe7 4. Nc3 Nxe5 5. Nxe5 Qxe5 6. f4 Qc5 7. e3
Nf6 8. Bd3 d5 9. Bd2 d4 10. exd4 Qxd4 11. a3 Bc5 12. Qe2+ Be6 13. O-O-O O-O
14. f5 Bd5 15. Rhe1 Rfe8 16. Qf1 Rad8 17. Nb5 Qa4 18. Nxc7 Rf8 19. Nb5 a6
20. Nc3 Qd4 21. Qe2 Rfe8 22. Qf1 Rf8 23. Qe2 Rfe8 24. Qf1 b5 25. Ne2 Qa4
26. Nc3 Qg4 27. g3 a5 28. Bxb5 Rxe1 29. Rxe1 Rb8 30. Ba4 Bc4 31. Qg2 Qxf5
32. Qc6 Rc8 33. Qb7 Bd5 34. Qb5 Bc6 35. Qe2 Bxa4 36. Nxa4 Bf2 37. c3 Bxe1
38. Qxe1 Ne4 39. Bf4 g5 40. Be3 Qb5 41. Qd1 { Black forfeits on time } 1-0

[Event "ICC tourney 2552 (3 2)"]
[Site "Internet Chess Club"]
[Date "2021.05.07"]
[Round "2"]
[White "ZIZOLD, VICTORIA:K05-16744153"]
[Black "SELVAM, RIKITHA:K01-30089086"]
[Result "0-1"]
[ICCResult "White forfeits on time"]
[WhiteElo "1400"]
[BlackElo "1400"]
[Opening "Four knights: Scotch, 4...exd4"]
[ECO "C47"]
[NIC "KP.06"]
[Time "18:30:27"]
[PlyCount "36"]
[TimeControl "180+2"]

1. e4 e5 2. Nc3 Nc6 3. Nf3 Nf6 4. d4 exd4 5. Nxd4 Be7 6. Bc4 O-O 7. O-O a6
8. Bb3 d6 9. Bf4 Bg4 10. f3 Bd7 11. e5 dxe5 12. Bxe5 Nxe5 13. f4 Bg4 14.
Qd2 Nc6 15. Nf5 Bxf5 16. Qf2 b6 17. Rfd1 Bc5 18. Rd4 Bxd4 { White forfeits
on time } 0-1

[Event "ICC tourney 2552 (3 2)"]
[Site "Internet Chess Club"]
[Date "2021.05.07"]
[Round "2"]
[White "SARANGI, SHREYAN:K05-17058212"]
[Black "ZHAO, DANSON:K01-30127679"]
[Result "1-0"]
[ICCResult "Black forfeits on time"]
[WhiteElo "1400"]
[BlackElo "1400"]
[Opening "Ruy Lopez: old Steinitz defense"]
[ECO "C62"]
[NIC "RL.02"]
[Time "18:30:38"]
[PlyCount "75"]
[TimeControl "180+2"]

1. e4 e5 2. Nf3 Nc6 3. Bb5 d6 4. d4 Bd7 5. d5 Nce7 6. Bxd7+ Qxd7 7. c4 Nf6
8. Nc3 h6 9. Be3 c6 10. O-O cxd5 11. cxd5 Nc8 12. Rc1 Be7 13. Qb3 O-O 14.
a4 a6 15. a5 Na7 16. Na4 Nb5 17. Nb6 Qd8 18. Nxa8 Qxa8 19. Nd2 Qd8 20. Bb6
Qd7 21. f3 Bd8 22. Nc4 Bxb6+ 23. Nxb6 Qe7 24. Rfd1 Nd4 25. Qc4 Kh7 26. Rxd4
exd4 27. Qd3 Qe5 28. Rc7 Rb8 29. Nc4 Qe8 30. Qxd4 Rc8 31. Rxc8 Qxc8 32.
Nxd6 Qc1+ 33. Kf2 Qc2+ 34. Kg3 Nh5+ 35. Kh3 Nf4+ 36. Kh4 Qxg2 37. Nxf7
Qxh2+ 38. Kg4 { Black forfeits on time } 1-0

[Event "ICC tourney 2552 (3 2)"]
[Site "Internet Chess Club"]
[Date "2021.05.07"]
[Round "2"]
[White "W ZHANG, ETHAN:K05-17088714"]
[Black "LIU, ERIC:K01-30136104"]
[Result "1-0"]
[ICCResult "Black forfeits on time"]
[WhiteElo "1400"]
[BlackElo "1400"]
[Opening "Giuoco Piano"]
[ECO "C50"]
[NIC "IG.02"]
[Time "18:29:29"]
[PlyCount "81"]
[TimeControl "180+2"]

1. e4 e5 2. Nf3 Nc6 3. Bc4 Bc5 4. O-O Nf6 5. d3 h6 6. c3 O-O 7. Be3 Bxe3 8.
fxe3 d6 9. h3 Be6 10. Nbd2 a6 11. Qb3 Bxc4 12. Qxc4 Ne7 13. d4 exd4 14.
exd4 d5 15. exd5 Nfxd5 16. Qb3 Nf6 17. Rfe1 b6 18. Qa3 a5 19. Qxe7 Qxe7 20.
Rxe7 Rfe8 21. Rae1 Rxe7 22. Rxe7 Nd5 23. Rd7 Ne3 24. Rxc7 Nd1 25. Ne5 Nxb2
26. Rxf7 Rc8 27. c4 Rd8 28. d5 b5 29. cxb5 Rxd5 30. Ndf3 Rxb5 31. Rc7 Nd1
32. Rd7 Ne3 33. Nd3 Rb1+ 34. Kf2 Nd1+ 35. Kg3 Nc3 36. Ra7 Rd1 37. Nf2 Ne2+
38. Kg4 Rd4+ 39. Nxd4 Nxd4 40. Rxa5 Nc2 41. a4 { Black forfeits on time }
1-0

[Event "ICC tourney 2552 (3 2)"]
[Site "Internet Chess Club"]
[Date "2021.05.07"]
[Round "2"]
[White "RAMANUJA, KESHAV:K05-30040275"]
[Black "PIEN, ALEXANDER:K03-16775438"]
[Result "0-1"]
[ICCResult "White resigns"]
[WhiteElo "1400"]
[BlackElo "1400"]
[Opening "Giuoco Pianissimo"]
[ECO "C50"]
[NIC "IG.02"]
[Time "18:29:14"]
[PlyCount "82"]
[TimeControl "180+2"]

1. e4 e5 2. Nf3 Nc6 3. Bc4 Bc5 4. d3 h6 5. Nc3 Nf6 6. Nd5 Nxd5 7. Bxd5 O-O
8. Bd2 Nd4 9. Nxd4 Bxd4 10. Rb1 Qf6 11. Be3 Bxe3 12. fxe3 d6 13. Rf1 Qh4+
14. g3 Qxh2 15. Qf3 Qh3 16. Bxf7+ Kh8 17. Rh1 Qd7 18. Rxh6+ gxh6 19. Qf6+
Kh7 20. Bg6+ Kg8 21. Bh7+ Qxh7 22. Kd2 Qf7 23. Qxh6 Qg7 24. Qxg7+ Kxg7 25.
Rg1 Rf2+ 26. Kc3 Bg4 27. Kc4 Raf8 28. Kc3 Rf1 29. Rxf1 Rxf1 30. Kd2 Rf3 31.
Kc3 Rxg3 32. Kd2 Kf6 33. Kc3 Rg2 34. Kb3 a5 35. Kc3 b5 36. Kb3 a4+ 37. Kc3
b4+ 38. Kxb4 Rxc2 39. Kxa4 Rxb2 40. Ka3 Rb6 41. Ka4 Bd1+ { White resigns }
0-1

[Event "ICC tourney 2552 (3 2)"]
[Site "Internet Chess Club"]
[Date "2021.05.07"]
[Round "2"]
[White "WONG, EASTON:K03-30107402"]
[Black "NAGASAI SASHANK KUNCHANAPALLI, HAVISH:K06-30136759"]
[Result "0-1"]
[ICCResult "White checkmated"]
[WhiteElo "1400"]
[BlackElo "1324"]
[Opening "French: exchange, Svenonius variation"]
[ECO "C01"]
[NIC "FR.01"]
[Time "18:29:01"]
[PlyCount "118"]
[TimeControl "180+2"]

1. e4 e6 2. d4 d5 3. exd5 exd5 4. Nc3 Nf6 5. Bg5 Bb4 6. Bd2 O-O 7. a3 Ba5
8. b4 Bb6 9. Be3 a5 10. bxa5 Bxa5 11. Bd2 Nc6 12. Nf3 Bg4 13. Be2 Re8 14.
O-O Qe7 15. Re1 Bb6 16. h3 Bh5 17. Bc1 Qd6 18. Bb2 Bxf3 19. Bxf3 Rxe1+ 20.
Qxe1 Nxd4 21. Qd2 Nxf3+ 22. gxf3 c6 23. Rd1 h6 24. Ne2 Qc5 25. Bd4 Qb5 26.
Nc3 Qa6 27. Bxf6 gxf6 28. Kh1 Kf8 29. Qxh6+ Ke7 30. Re1+ Kd7 31. Qxf6 Qxa3
32. Nb1 Qf8 33. Qf5+ Kc7 34. Qe5+ Qd6 35. Qxd6+ Kxd6 36. Kg2 Rg8+ 37. Kh2
Ra8 38. Nc3 Ba5 39. Re3 d4 40. Ne4+ Kd5 41. Rd3 Re8 42. Kg3 Rg8+ 43. Kf4
Rg6 44. Kf5 Kc4 45. Nd2+ Bxd2 46. Rxd2 Kc3 47. Re2 Rh6 48. Kg4 b5 49. h4 b4
50. Kg5 Rg6+ 51. Kf5 d3 52. cxd3 b3 53. h5 Rh6 54. Kg5 Rh8 55. Kf6 b2 56.
h6 Rxh6+ 57. Kg5 Rg6+ 58. Kh5 b1=Q 59. f4 Qh1# { White checkmated } 0-1

[Event "ICC tourney 2552 (3 2)"]
[Site "Internet Chess Club"]
[Date "2021.05.07"]
[Round "2"]
[White "WU, TERRAIN:K01-30135638"]
[Black "AMRANY, BENJAMIN:K05-17261253"]
[Result "1-0"]
[ICCResult "Black forfeits on time"]
[WhiteElo "1400"]
[BlackElo "1400"]
[Opening "QGD"]
[ECO "D51"]
[NIC "QO.16"]
[Time "18:30:04"]
[PlyCount "55"]
[TimeControl "180+2"]

1. d4 d5 2. c4 e6 3. Nc3 Nf6 4. Bg5 Nbd7 5. e3 Be7 6. Nf3 h6 7. Bh4 c6 8.
c5 b6 9. cxb6 Qxb6 10. Qd2 Bb4 11. Bxf6 Nxf6 12. Bd3 Ba6 13. O-O Ne4 14.
Qc2 Bxd3 15. Qxd3 Bxc3 16. bxc3 O-O 17. Ne5 Qc7 18. f3 Nf6 19. Rab1 Rab8
20. Qa6 c5 21. Qa4 Rfc8 22. dxc5 Qxe5 23. Rxb8 Qxe3+ 24. Kh1 Qxc5 25. Rxc8+
Qxc8 26. Qd4 Qb8 27. Qf2 e5 28. f4 { Black forfeits on time } 1-0

[Event "ICC tourney 2552 (3 2)"]
[Site "Internet Chess Club"]
[Date "2021.05.07"]
[Round "2"]
[White "YU, ADA:K03-30046211"]
[Black "SUVOROV, ZACHARY:K06-30101116"]
[Result "0-1"]
[ICCResult "White forfeits on time"]
[WhiteElo "1400"]
[BlackElo "1400"]
[Opening "Sicilian"]
[ECO "B50"]
[NIC "SI.01"]
[Time "18:30:20"]
[PlyCount "66"]
[TimeControl "180+2"]

1. e4 c5 2. Nf3 d6 3. Nc3 e6 4. d4 b6 5. Bb5+ Bd7 6. Qe2 a6 7. Bxd7+ Nxd7
8. Qe3 Ngf6 9. Ng5 cxd4 10. Qxd4 Be7 11. e5 dxe5 12. Qh4 O-O 13. Nd5 exd5
14. O-O h6 15. Nf3 Nh7 16. Qh3 Ng5 17. Bxg5 hxg5 18. Rae1 e4 19. Nd4 Bf6
20. Nf5 Ne5 21. Rd1 Qc8 22. Rxd5 Nd7 23. Ne7+ Bxe7 24. Rd4 g4 25. Qxg4 Qc7
26. Rxe4 Nf6 27. Qh4 Nxe4 28. Qxe4 Qd6 29. g3 Rfe8 30. Qg4 Rab8 31. Rd1 Qc5
32. h4 Qxc2 33. Kg2 Qc6+ { White forfeits on time } 0-1

[Event "ICC tourney 2552 (3 2)"]
[Site "Internet Chess Club"]
[Date "2021.05.07"]
[Round "2"]
[White "NULU, AVANEESH:K03-17121270"]
[Black "AMBROSE FOSTER, JACK:K06-16314407"]
[Result "0-1"]
[ICCResult "White checkmated"]
[WhiteElo "1400"]
[BlackElo "1400"]
[Opening "Sicilian: Smith-Morra gambit"]
[ECO "B21"]
[NIC "SI.48"]
[Time "18:30:06"]
[PlyCount "122"]
[TimeControl "180+2"]

1. e4 c5 2. d4 cxd4 3. Qxd4 Nc6 4. Qd1 e5 5. Nf3 Nf6 6. Nc3 Bb4 7. a3 Bxc3+
8. bxc3 d5 9. exd5 Nxd5 10. Bc4 Nxc3 11. Qxd8+ Nxd8 12. Bb2 Na4 13. Bxe5
O-O 14. O-O Nc6 15. Bg3 Bf5 16. Bd3 Bxd3 17. cxd3 Rfd8 18. Rfd1 Nb2 19. Rd2
Nxd3 20. Rad1 Nc5 21. Rxd8+ Rxd8 22. Rxd8+ Nxd8 23. Bd6 Ne4 24. Bb8 Nc6 25.
Bf4 Na5 26. Bc7 Nc4 27. Bb8 a6 28. a4 g6 29. Bf4 Nc5 30. Nd2 Nxd2 31. Bxd2
Nxa4 32. Kf1 Nc5 33. Ke2 b5 34. Ke3 Kf8 35. Kd4 Nb3+ 36. Kc3 Nxd2 37. Kxd2
Ke7 38. Kc3 Ke6 39. Kb4 Ke5 40. Ka5 Ke4 41. Kb4 Kd3 42. Kb3 Ke2 43. f4 Kf2
44. g4 f5 45. gxf5 gxf5 46. h4 Kf3 47. h5 Kxf4 48. Kb4 Ke3 49. Ka3 f4 50.
Kb4 f3 51. Ka5 f2 52. h6 f1=Q 53. Kxa6 b4+ 54. Kb6 Qf6+ 55. Kc5 Qd4+ 56.
Kc6 b3 57. Kc7 b2 58. Kc8 b1=Q 59. Kc7 Qc1+ 60. Kb7 Qdb2+ 61. Ka6 Qca1# {
White checkmated } 0-1

[Event "ICC tourney 2552 (3 2)"]
[Site "Internet Chess Club"]
[Date "2021.05.07"]
[Round "2"]
[White "DARSI, AKHIL:K05-30155647"]
[Black "CUI, CHRIS:K01-30048697"]
[Result "0-1"]
[ICCResult "White checkmated"]
[WhiteElo "1400"]
[BlackElo "1400"]
[Opening "Giuoco Pianissimo: Italian four knights variation"]
[ECO "C55"]
[NIC "IG.01"]
[Time "18:30:07"]
[PlyCount "94"]
[TimeControl "180+2"]

1. e4 e5 2. Nf3 Nc6 3. Bc4 Nf6 4. Nc3 Bc5 5. d3 h6 6. Qe2 d6 7. Be3 Bxe3 8.
Qxe3 Be6 9. Bxe6 fxe6 10. g4 g5 11. h3 Kf7 12. d4 exd4 13. Nxd4 Nxd4 14.
Qxd4 e5 15. Qd2 Qd7 16. Nd5 Kg6 17. Nxf6 Kxf6 18. h4 Qc6 19. hxg5+ Kf7 20.
gxh6 Qxe4+ 21. Qe2 Qxh1+ 22. Qf1 Qxf1+ 23. Kxf1 Rxh6 24. Ke2 Rg6 25. f3 Kf6
26. Rf1 Kg5 27. Ke3 d5 28. c3 Rf6 29. a3 Rf7 30. b4 a6 31. a4 b5 32. axb5
axb5 33. Kd3 e4+ 34. Kd4 Rxf3 35. Rxf3 exf3 36. Ke3 Kxg4 37. Kf2 Ra2+ 38.
Ke3 f2 39. Kd4 f1=Q 40. Kxd5 Qf5+ 41. Kc6 Rc2 42. Kxc7 Qf6 43. c4 Rxc4+ 44.
Kb7 Qc6+ 45. Ka7 Qd6 46. Kb7 Rc7+ 47. Kb8 Qd8# { White checkmated } 0-1

[Event "ICC tourney 2552 (3 2)"]
[Site "Internet Chess Club"]
[Date "2021.05.07"]
[Round "2"]
[White "DENG, CALEB:K01-30029985"]
[Black "SHARMA, SUNEET:K05-16802074"]
[Result "0-1"]
[ICCResult "White forfeits on time"]
[WhiteElo "1400"]
[BlackElo "1400"]
[Opening "King's pawn game"]
[ECO "C50"]
[NIC "IG.03"]
[Time "18:30:48"]
[PlyCount "54"]
[TimeControl "180+2"]

1. e4 e5 2. Nf3 Nc6 3. Bc4 Nd4 4. Nc3 Nxf3+ 5. Qxf3 Qf6 6. Qg3 Bc5 7. O-O
d6 8. d3 h6 9. a3 Ne7 10. Kh1 O-O 11. f4 exf4 12. Bxf4 Qg6 13. Qf3 Bg4 14.
Qg3 Bh5 15. Qe1 Rfe8 16. b4 Bd4 17. Rb1 Bxc3 18. Qxc3 Qf6 19. e5 Qg6 20.
exd6 cxd6 21. Bg3 Nf5 22. Kg1 Nxg3 23. Bxf7+ Qxf7 24. Rxf7 Kxf7 25. hxg3
Re7 26. Rf1+ Kg8 27. Qc4+ Kh7 { White forfeits on time } 0-1

[Event "ICC tourney 2552 (3 2)"]
[Site "Internet Chess Club"]
[Date "2021.05.07"]
[Round "2"]
[White "CHA, SAMUEL:K03-30048965"]
[Black "MCPHETERS, DYLAN:K06-30151662"]
[Result "1-0"]
[ICCResult "Black checkmated"]
[WhiteElo "1400"]
[BlackElo "1400"]
[Opening "Queen's pawn game, Darooha variation "]
[ECO "D02"]
[NIC "QP.09"]
[Time "18:30:27"]
[PlyCount "127"]
[TimeControl "180+2"]

1. Nf3 d5 2. d4 Nf6 3. c3 Bf5 4. Bf4 Nc6 5. e3 e6 6. Bb5 Bd6 7. Be5 Bxe5 8.
Nxe5 Ne4 9. Nxc6 bxc6 10. Bxc6+ Ke7 11. Bxa8 Qxa8 12. Nd2 Nxd2 13. Qxd2 Qc6
14. h3 Bg6 15. f3 f5 16. g4 fxg4 17. hxg4 Qd6 18. Qh2 h6 19. Qxd6+ cxd6 20.
g5 e5 21. gxh6 gxh6 22. Rc1 exd4 23. cxd4 h5 24. Rc7+ Ke6 25. Rg1 Kf5 26.
e4+ dxe4 27. fxe4+ Kf6 28. e5+ dxe5 29. dxe5+ Kf5 30. e6 h4 31. Rg7 h3 32.
R7xg6 h2 33. R6g5+ Kxe6 34. Rh1 Kf6 35. Rg2 Re8+ 36. Kf2 Kf5 37. Rhxh2 Kf4
38. Rh4+ Kf5 39. Kg1 Re1+ 40. Kh2 Ra1 41. b3 Rd1 42. Rh7 Rd4 43. Rf7+ Ke6
44. Rf3 Rh4+ 45. Kg3 Re4 46. Rd2 Re5 47. Kf2 Re4 48. Re3 Rxe3 49. Kxe3 Kf5
50. Rd4 Ke5 51. a4 Ke6 52. Ke4 Kf6 53. Rd5 Ke6 54. b4 Kf6 55. Rc5 Ke6 56.
Rc6+ Kd7 57. Kd5 Kd8 58. Kd6 Ke8 59. Rc7 a6 60. b5 axb5 61. axb5 Kf8 62. b6
Ke8 63. b7 Kf8 64. b8=R# { Black checkmated } 1-0

[Event "ICC tourney 2552 (3 2)"]
[Site "Internet Chess Club"]
[Date "2021.05.07"]
[Round "2"]
[White "UDAY KAVALE, SOURISH:K06-16328330"]
[Black "PATEL, VED:K03-30141412"]
[Result "1-0"]
[ICCResult "Black checkmated"]
[WhiteElo "1400"]
[BlackElo "1400"]
[Opening "Giuoco Pianissimo: Italian four knights variation"]
[ECO "C47"]
[NIC "RG.01"]
[Time "18:30:27"]
[PlyCount "139"]
[TimeControl "180+2"]

1. e4 e5 2. Nf3 Nf6 3. Nc3 Nc6 4. Bc4 Bc5 5. d3 d6 6. h3 Nd4 7. Bg5 Nxf3+
8. Qxf3 h6 9. Bxf6 Qxf6 10. Qxf6 gxf6 11. Nd5 Bb6 12. Nxf6+ Ke7 13. Nd5+
Kd7 14. Nxb6+ axb6 15. Bxf7 Rf8 16. Bh5 Rg8 17. Bg4+ Kc6 18. Bxc8 Raxc8 19.
O-O Rg7 20. f3 Rcg8 21. Rf2 d5 22. exd5+ Kxd5 23. Re1 Rg5 24. c4+ Kd6 25.
Re4 c6 26. Rg4 Rxg4 27. fxg4 b5 28. cxb5 cxb5 29. Rf6+ Kd5 30. Rxh6 Kd4 31.
Rd6+ Kc5 32. Re6 Kd5 33. Re7 Kd4 34. Rxb7 Kxd3 35. Rxb5 e4 36. Kf1 e3 37.
Rd5+ Ke4 38. Rd1 Rf8+ 39. Ke2 Rf2+ 40. Ke1 Rxg2 41. Rd8 Kf3 42. Rf8+ Kg3
43. b3 e2 44. g5 Kh4 45. Rf2 Rg1+ 46. Kxe2 Rxg5 47. a4 Kxh3 48. Rf3+ Kg2
49. Rc3 Re5+ 50. Kd3 Rd5+ 51. Kc4 Rd8 52. b4 Rc8+ 53. Kb3 Rb8 54. b5 Kf2
55. Kb4 Ke2 56. a5 Kd2 57. a6 Rd8 58. a7 Rd4+ 59. Rc4 Rd8 60. b6 Rd6 61.
Kb5 Rd5+ 62. Rc5 Rd8 63. b7 Kd3 64. b8=Q Rc8 65. Qxc8 Kd4 66. Qd7+ Ke3 67.
Re5+ Kf4 68. Qf5+ Kg3 69. Re3+ Kh4 70. Rh3# { Black checkmated } 1-0

[Event "ICC tourney 2552 (3 2)"]
[Site "Internet Chess Club"]
[Date "2021.05.07"]
[Round "2"]
[White "OSCAR LI, JINGTU:K05-16113408"]
[Black "WANKHEDE, ADVAIT:K06-30026534"]
[Result "1-0"]
[ICCResult "Black checkmated"]
[WhiteElo "1400"]
[BlackElo "1400"]
[Opening "QGD: Marshall defense"]
[ECO "D06"]
[NIC "QP.08"]
[Time "18:30:27"]
[PlyCount "107"]
[TimeControl "180+2"]

1. d4 d5 2. c4 Nf6 3. Nf3 Bf5 4. e3 e6 5. Bd3 Nc6 6. Bxf5 exf5 7. cxd5 Nxd5
8. O-O Bd6 9. Nc3 Nxc3 10. bxc3 O-O 11. a4 a5 12. Ba3 Bxa3 13. Rxa3 Qd6 14.
Ra1 Rae8 15. h3 Qg6 16. Qd3 h6 17. Nh4 Qg5 18. Nxf5 g6 19. Ng3 Kh7 20. Qb5
Re6 21. Qxg5 hxg5 22. d5 Rd6 23. dxc6 bxc6 24. Ne4 Re6 25. Nxg5+ Kh6 26.
Nxe6 fxe6 27. Rfd1 Rf6 28. Rd7 Rf5 29. Rxc7 Rc5 30. Re7 Re5 31. Rd1 Kg5 32.
Rd6 Kf5 33. Rxc6 g5 34. Ra7 Rd5 35. Rca6 Rd1+ 36. Kh2 Rd2 37. Rxa5+ Kf6 38.
f3 Rd3 39. e4 Rd6 40. R5a6 Rd3 41. c4 Rc3 42. Rc6 Ke5 43. Rc8 Rc1 44. c5
Kf4 45. c6 Ke3 46. Kg3 Rg1 47. c7 Ke2 48. Rb8 Kf1 49. Rb1+ Ke2 50. Rxg1 Kd2
51. c8=Q Ke2 52. Qc2+ Ke3 53. Qc3+ Ke2 54. Re1# { Black checkmated } 1-0

[Event "ICC tourney 2552 (3 2)"]
[Site "Internet Chess Club"]
[Date "2021.05.07"]
[Round "2"]
[White "SHENVI PRIOLKAR, ANSH:K05-30065668"]
[Black "KAIPA, ADITYA:K03-17069123"]
[Result "1-0"]
[ICCResult "Black forfeits on time"]
[WhiteElo "1400"]
[BlackElo "1400"]
[Opening "Giuoco Piano"]
[ECO "C50"]
[NIC "IG.02"]
[Time "18:30:27"]
[PlyCount "63"]
[TimeControl "180+2"]

1. e4 e5 2. Nf3 Nc6 3. Bc4 Bc5 4. O-O Nf6 5. Nc3 d6 6. h3 O-O 7. d3 h6 8.
Be3 Bb6 9. a4 Be6 10. Ba2 Qd7 11. Qd2 Kh7 12. Nd5 Bxd5 13. exd5 Ne7 14. c3
Nexd5 15. Bxd5 Nxd5 16. Bxb6 axb6 17. c4 Nf6 18. b3 Qe6 19. Rfe1 Nd7 20. d4
f6 21. Rac1 Qf7 22. Re4 Qg6 23. Rg4 Qf7 24. Qd3+ f5 25. Rh4 e4 26. Ng5+ Kg8
27. Nxf7 exd3 28. Nxh6+ gxh6 29. Rxh6 Kg7 30. Rh4 Rfe8 31. Rd1 Re2 32. Rxd3
{ Black forfeits on time } 1-0

[Event "ICC tourney 2552 (3 2)"]
[Site "Internet Chess Club"]
[Date "2021.05.07"]
[Round "2"]
[White "VU HOLBROOK, AIDAN:K03-16806056"]
[Black "DESAI, DHRITEE:K06-16336152"]
[Result "0-1"]
[ICCResult "White checkmated"]
[WhiteElo "1400"]
[BlackElo "1400"]
[Opening "Giuoco Piano"]
[ECO "C54"]
[NIC "IG.02"]
[Time "18:29:03"]
[PlyCount "100"]
[TimeControl "180+2"]

1. e4 e5 2. Nf3 Nc6 3. Bc4 Bc5 4. c3 Nf6 5. d3 h6 6. O-O O-O 7. Qe1 d6 8.
Be3 Bb6 9. Bxb6 cxb6 10. d4 exd4 11. cxd4 Re8 12. e5 dxe5 13. dxe5 Qc7 14.
Qc3 Ng4 15. h3 Ngxe5 16. Nxe5 Nxe5 17. Bxf7+ Qxf7 18. Re1 Ng6 19. Rxe8+
Qxe8 20. Nd2 Nh4 21. Qc4+ Kh8 22. Qxh4 Qd7 23. f3 Qxd2 24. Rf1 Qxb2 25.
Qd8+ Kh7 26. Rd1 Qf6 27. g4 Qxd8 28. Rxd8 b5 29. h4 b6 30. g5 hxg5 31. hxg5
Bb7 32. Rd7 Rb8 33. f4 Be4 34. f5 Bxf5 35. Rxa7 Rc8 36. Rb7 Rc1+ 37. Kg2
Be4+ 38. Kf2 Bxb7 39. g6+ Kxg6 40. Ke2 Rc8 41. Kd2 b4 42. Ke2 Bd5 43. a4 b3
44. Ke3 b2 45. Kf4 b1=Q 46. Ke5 Bb3 47. Kd6 Qd1+ 48. Ke7 Rc3 49. Ke8 Re3+
50. Kf8 Qf1# { White checkmated } 0-1

[Event "ICC tourney 2552 (3 2)"]
[Site "Internet Chess Club"]
[Date "2021.05.07"]
[Round "2"]
[White "DAFTUAR, ROHAN:K03-17124531"]
[Black "CUI, ETHAN:K06-17351316"]
[Result "1-0"]
[ICCResult "Black checkmated"]
[WhiteElo "1400"]
[BlackElo "1400"]
[Opening "Queen's pawn: London system"]
[ECO "A45"]
[NIC "QP.07"]
[Time "18:29:46"]
[PlyCount "145"]
[TimeControl "180+2"]

1. d4 Nf6 2. Bf4 g6 3. e3 Bg7 4. Nd2 d6 5. Ngf3 Nbd7 6. Bd3 O-O 7. h3 Re8
8. O-O e5 9. dxe5 dxe5 10. Bg5 h6 11. Bxf6 Qxf6 12. Ne4 Qe7 13. Nfd2 c6 14.
Qf3 f5 15. Ng3 e4 16. Ngxe4 fxe4 17. Nxe4 Bxb2 18. Rab1 Bg7 19. Ng3 Ne5 20.
Qe2 Nxd3 21. cxd3 b6 22. d4 Rd8 23. Qc2 c5 24. dxc5 bxc5 25. Qxg6 Qf6 26.
Qxf6 Bxf6 27. Ne4 Be7 28. Rb5 c4 29. Rc1 Ba6 30. Ra5 Bb7 31. Rxc4 Bd5 32.
Rd4 Rd7 33. Raxd5 Rxd5 34. Rxd5 Rc8 35. Rd7 Rc1+ 36. Kh2 Bb4 37. Rxa7 Rc2
38. Kg3 Be1 39. Kf3 Bb4 40. a4 Ra2 41. a5 Bxa5 42. Nc3 Ra3 43. Nb5 Ra4 44.
Nd6 h5 45. Nb7 Rb4 46. Nxa5 Rb5 47. Nc6 Rf5+ 48. Kg3 Rg5+ 49. Kh2 h4 50.
Ra4 Rh5 51. Rg4+ Kh7 52. Nd4 Kh6 53. Nf3 Ra5 54. Rxh4+ Rh5 55. Rxh5+ Kxh5
56. g4+ Kg6 57. h4 Kh6 58. Kg3 Kg6 59. Ne5+ Kh6 60. f4 Kg7 61. g5 Kh7 62.
h5 Kg7 63. f5 Kh7 64. e4 Kg7 65. h6+ Kh7 66. f6 Kg8 67. g6 Kh8 68. g7+ Kh7
69. f7 Kxh6 70. g8=Q Kh5 71. Qh7+ Kg5 72. Qf5+ Kh6 73. Qg6# { Black
checkmated } 1-0

[Event "ICC tourney 2552 (3 2)"]
[Site "Internet Chess Club"]
[Date "2021.05.07"]
[Round "2"]
[White "S MORGAN, LAKSHMI:K05-16867525"]
[Black "CHEN, ANDY:K01-30080996"]
[Result "1-0"]
[ICCResult "Black checkmated"]
[WhiteElo "1400"]
[BlackElo "1400"]
[Opening "Evans gambit"]
[ECO "C51"]
[NIC "IG.05"]
[Time "18:29:47"]
[PlyCount "163"]
[TimeControl "180+2"]

1. e4 e5 2. Nf3 Nc6 3. Bc4 Bc5 4. b4 Bxb4 5. c3 Bc5 6. d4 exd4 7. cxd4 Bb4+
8. Bd2 Bxd2+ 9. Qxd2 Nf6 10. Nc3 O-O 11. O-O Re8 12. Rfe1 d6 13. h3 Bd7 14.
Rad1 Qc8 15. Ng5 Be6 16. Nxe6 fxe6 17. d5 exd5 18. Bxd5+ Nxd5 19. Nxd5 Qe6
20. Nxc7 Qg6 21. Nxa8 Rxa8 22. Qd5+ Kh8 23. Qxd6 Qxd6 24. Rxd6 h6 25. Rd7
b6 26. Red1 Kh7 27. Rc7 Nb4 28. Rdd7 Kg6 29. Rxg7+ Kf6 30. Rcf7+ Ke5 31. a3
Nc2 32. Re7+ Kd4 33. Rd7+ Kc3 34. Rxa7 Rd8 35. Rac7+ Kb3 36. Rgd7 Rf8 37.
Rd3+ Kb2 38. Rb7 Nxa3 39. Rxb6+ Kc2 40. Rdb3 Nc4 41. f3 Nxb6 42. Rxb6 Rg8
43. Rxh6 Kd2 44. Kf2 Kd3 45. g4 Kd4 46. Kg3 Ke5 47. Rh5+ Ke6 48. Kf4 Rf8+
49. Rf5 Rg8 50. Rg5 Rf8+ 51. Rf5 Rh8 52. Rh5 Rf8+ 53. Kg3 Rg8 54. f4 Ra8
55. Kh4 Ra4 56. Rh6+ Kd7 57. Kg5 Rxe4 58. Kf5 Re8 59. h4 Rf8+ 60. Ke4 Re8+
61. Kf3 Rf8 62. Rh7+ Ke6 63. f5+ Kd5 64. Rd7+ Kc6 65. Rh7 Ra8 66. Kf4 Ra4+
67. Kg5 Ra8 68. Rg7 Ra4 69. h5 Ra8 70. h6 Rh8 71. h7 Kd6 72. Kg6 Ke5 73.
Rg8 Rxh7 74. Kxh7 Kf6 75. Rg6+ Kf7 76. f6 Kf8 77. g5 Kf7 78. Rg7+ Kf8 79.
Ra7 Ke8 80. g6 Kd8 81. f7 Kc8 82. f8=Q# { Black checkmated } 1-0

[Event "ICC tourney 2552 (3 2)"]
[Site "Internet Chess Club"]
[Date "2021.05.07"]
[Round "2"]
[White "BULUSU, PHANEENDRA:K03-16661467"]
[Black "SRIRAM, SHRAVAN:K06-15894655"]
[Result "0-1"]
[ICCResult "White forfeits on time"]
[WhiteElo "1400"]
[BlackElo "1400"]
[Opening "French defense"]
[ECO "C00"]
[NIC "FR.01"]
[Time "18:29:47"]
[PlyCount "80"]
[TimeControl "180+2"]

1. e4 e6 2. Nf3 d5 3. exd5 exd5 4. d4 c5 5. Bb5+ Bd7 6. Bxd7+ Nxd7 7. O-O
Ngf6 8. Re1+ Be7 9. Nc3 O-O 10. Bf4 Qb6 11. Rxe7 cxd4 12. Qxd4 Qxb2 13. Rb1
Qxc2 14. Ne1 Qf5 15. Rxb7 Rfe8 16. Rxe8+ Rxe8 17. Bd2 Ng4 18. Nxd5 Qe6 19.
Ne3 Nde5 20. Qxa7 Nc4 21. Qd4 Ncxe3 22. Bxe3 Qa6 23. Rd7 Qe2 24. Qd2 Qb5
25. Rd4 Ne5 26. Rd8 Nc4 27. Rxe8+ Qxe8 28. Qc3 Nxe3 29. Qxe3 Qd7 30. Qe2 h6
31. Kf1 Qa7 32. h3 Qb8 33. Kg1 Qd6 34. Qd3 Qb4 35. Qe2 Qb1 36. a4 Qb4 37.
Qd1 Qa5 38. Qc2 Qxe1+ 39. Kh2 Qe5+ 40. g3 Qa5 { White forfeits on time }
0-1